 Dungeon Crawl Stone Soup version 0.30-a0-121-gb27577e5d9 (webtiles) character file.

Game seed: 10181869782535917008

10498 ragingrage the Spear-Bearer (level 11, -4/79 HPs)
             Began as a Demonspawn Chaos Knight on Sept 14, 2022.
             Was a Plaything of Xom.
             Drowned by a water elemental (6 damage)
             ... on level 11 of the Dungeon.
             The game lasted 00:14:56 (13213 turns).

ragingrage the Spear-Bearer (DsCK)                 Turns: 13213, Time: 00:14:57

Health: -4/79      AC: 18    Str: 11 (13) XL:     11   Next: 37%
Magic:  12/12      EV: 12    Int: 17 (18) God:    Xom [*.....]
Gold:   736        SH: 13    Dex: 19      Spells: 10/10 levels left

rFire   . . .      SeeInvis +    s - +7 demon trident "Taewinit" {flame, rF- rC+ Str+2 Dex+7}
rCold   + . .      Faith    .    A - +2 kite shield {AC+3}
rNeg    . . .      Spirit   .    B - +2 leather armour
rPois   .          Reflect  .    k - +0 helmet
rElec   .          Harm     .    p - +1 cloak
rCorr   .          Rampage  .    K - +2 pair of gloves
Will    .....                    G - +0 pair of boots {Fly}
Stlth   +.........               (no amulet)
HPRegen 0.23/turn                e - ring of see invisible
MPRegen 0.13/turn                (no ring)

@: engulfed (cannot breathe), flying, unable to drink
A: rugged brown scales 2, demonic guardian 1, foul stench 2, weakness stinger 1,
talons 1, clever 1, deterioration 1, fire resistance 1, frail 1, high MP 1,
screaming 2, weak 2, inability to drink after injury 1
a: Renounce Religion


You were on level 11 of the Dungeon.
You worshipped Xom.
You were a special plaything of Xom.
You visited 2 branches of the dungeon, and saw 12 of its levels.
You also visited: Bailey.

You collected 736 gold pieces.

Inventory:

Hand Weapons
 s - the +7 demon trident "Taewinit" (weapon) {flame, rF- rC+ Str+2 Dex+7}
   (You acquired it on level 9 of the Dungeon)

   It burns those it strikes, dealing additional fire damage.
   Str:       It affects your strength (+2).
   Dex:       It affects your dexterity (+7).
   rF:        It makes you vulnerable to fire.
   rC:        It protects you from cold.
 M - a +3 broad axe of flaming
Missiles
 j - 17 poisoned darts (quivered)
 y - a throwing net
 O - 5 curare-tipped darts
Armour
 k - a +0 helmet (worn)
 p - a +1 cloak (worn)
 A - a +2 kite shield of protection (worn)
 B - a +2 leather armour (worn)
 G - a +0 pair of boots of flying (worn)
 K - a +2 pair of gloves (worn)
Jewellery
 b - a ring of ice
 e - a ring of see invisible (left hand)
 C - a ring of flight
 E - a ring of fire
Wands
 a - a wand of acid (8)
 o - a wand of flame (19)
 v - a wand of charming (3)
 J - a wand of digging (5)
Scrolls
 d - 16 scrolls of identify
 n - 4 scrolls of enchant weapon
 u - 3 scrolls of noise
 w - a scroll of amnesia
 I - 2 scrolls of enchant armour
Potions
 f - 2 potions of lignification {unknown}
 g - 3 potions of curing
 h - a potion of cancellation {unknown}
 i - a potion of degeneration {unknown}
 l - a potion of invisibility {unknown}
 m - a potion of brilliance {unknown}
 q - a potion of attraction {unknown}
 r - 6 potions of flight {unknown}
 t - a potion of mutation {unknown}
 x - 3 potions of heal wounds
 D - a potion of ambrosia {unknown}
 F - a potion of haste
 H - a potion of magic {unknown}
 L - a potion of might {unknown}
 P - a potion of resistance
Miscellaneous
 c - a piece from Xom's chessboard (15/15)


   Skills:
 * Level 7.4 Fighting
 * Level 12.3 Polearms
 + Level 4.5 Armour
 + Level 4.3 Dodging
 + Level 5.8 Shields
 + Level 4.4 Evocations


You had 10 spell levels left.
You didn't know any spells.
Your spell library contained the following spells:

 Spells                   Type           Power      Damage    Failure   Level
 Ignite Poison            Fire/Tmut/Pois 0%         N/A       94%         3
 Mephitic Cloud           Conj/Pois/Air  0%         N/A       94%         3
 Freezing Cloud           Conj/Ice/Air   0%         6-21      100%        5


Dungeon Overview and Level Annotations

Branches:
Dungeon (11/15)            Temple (1/1) D:4          Bailey (visited)
   Lair: D:8-11         Orc: D:9-12

Altars:
Ashenzari
Cheibriados
Dithmenos
Fedhas
Gozag
Hepliaklqana
Kikubaaqudgha
Makhleb
Nemelex Xobeh
Okawaru
Qazlal
Ru
Sif Muna
Uskayaw
Vehumet
Wu Jian
Xom
Yredelemnul

Annotations:
D:8 exclusion: door


Innate Abilities, Weirdness & Mutations

You are mostly covered in rugged brown scales. (AC +2, +5% HP)
A weak demonic guardian rushes to your aid.
You sometimes emit foul miasma when damaged in melee.
You have a small tail.
You have sharp toenails.
Your mind is acute. (Int +4, Str/Dex -1)
Your body sometimes deteriorates upon taking damage.
Your flesh is heat resistant. (rF+)
You are frail. (-10% HP)
You have an increased reservoir of magic. (+10% MP)
You frequently scream uncontrollably at your foes.
You are very weak. (Str -4)
You occasionally lose the ability to drink potions when taking damage.


Message History

You block the orc wizard's attack. The orc warrior closely misses you.
The water elemental hits you!
The water elemental engulfs you in water!
You slip free of the water engulfing you.
You gasp with relief as air once again reaches your lungs.
The orc priest calls down the wrath of Beogh upon you.
Beogh smites you!
Your body deteriorates!
You feel weakened.
You block the vampire's attack. x2; The orc wizard barely misses you.
The orc warrior closely misses you. You block the orc warrior's attack.
The vampire attacks as you move away! The vampire completely misses you.
The vampire bites you.
The vampire draws strength from your injuries!
You block the orc warrior's attack.
You completely miss the orc wizard. You tail-slap the orc wizard.
The orc wizard is heavily wounded.
The vampire closely misses you. You block the vampire's attack.
You block the orc wizard's attack. You block the orc warrior's attack.
You can't go up here!
You puncture the orc wizard! You burn the orc wizard.
You kill the orc wizard!
The water elemental hits you!
* * * LOW HITPOINT WARNING * * *
The water elemental engulfs you in water!
You feel your strength returning.
You slip free of the water engulfing you.
* * * LOW HITPOINT WARNING * * *
Your lungs strain for air!
The orc priest calls down the wrath of Beogh upon you.
Beogh smites you!
You feel threatened and lose the ability to drink potions!
* * * LOW HITPOINT WARNING * * *
Xom thinks this is hilarious!
A demonic guardian appears!
You block the water elemental's attack.
There is a stone staircase leading up here.
Things that are here:
a +0 dagger; a +0 robe You die...
Xom bursts into laughter!

≈~≈≈####.###.####
≈~.~...#........#
#.............^#
#..............
#.......).....
#.............
#......4.#
#..?...Eo#
#.....oV@#
##.####### #. #


You could see a water elemental, a vampire (invisible), an orc warrior, an orc
priest (ally target) and a friendly hellwing (summoned).

Vanquished Creatures
  An orc warlord (Bailey)
  Fannar (D:10)
  Sonja (D:9)
  An orc knight (Bailey)
  A manticore (D:10)
  A troll (D:9)
  Prince Ribbit (D:8)
  5 yaks (D:9)
  2 steam dragons
  Menkaure (D:5)
  An acid dragon (D:10)
  2 black bears
  12 orc warriors
  2 ice beasts
  2 ogres
  A centaur (D:10)
  2 phantoms
  4 bullfrogs
  A necrophage (D:5)
  3 scorpions
  A gnoll sergeant (D:6)
  15 wights
  7 killer bees
  4 howler monkeys
  A jelly (D:7)
  5 hounds
  A gnoll bouda (D:9)
  8 orc priests
  5 iguanas
  Ijyb (D:3)
  6 orc wizards
  Robin (D:3)
  8 adders
  21 gnolls
  2 shadow imps
  3 white imps
  2 ufetubi
  A dart slug (D:3)
  2 worms
  30 orcs
  5 endoplasms
  A giant cockroach (D:1)
  19 goblins
  10 hobgoblins
  4 jackals (D:1)
  5 quokkas
  4 ball pythons
  6 bats
  3 frilled lizards
  8 kobolds
  6 rats
240 creatures vanquished.

Vanquished Creatures (collateral kills)
  A skeletal warrior (D:10)
  An orc knight (Bailey)
  Grinder (D:5)
  3 wights
  An iguana (D:4)
  A gnoll (Bailey)
  4 orcs
  A hobgoblin (Bailey)
13 creatures vanquished.

Vanquished Creatures (others)
  An orc warrior (Bailey)
  2 orcs (D:8)
  A ball python zombie (D:4)
4 creatures vanquished.

Grand Total: 257 creatures vanquished

Notes
Turn   | Place    | Note
-------+----------+-------------------------------------------
     0 | D:1      | ragingrage the Demonspawn Chaos Knight began the quest for
                  | the Orb.
     0 | D:1      | Reached XP level 1. HP: 18/18 MP: 1/1
   241 | D:1      | Reached skill level 3 in Polearms
   286 | D:1      | Gained mutation: You may rarely emit foul miasma when
                  | damaged in melee. [demonic ancestry]
   286 | D:1      | Reached XP level 2. HP: 22/24 MP: 2/2
   350 | D:1      | XOM: divination: magic mapping
   507 | D:1      | XOM: give mutations
   507 | D:1      | Gained mutation: Armour fits poorly on your strangely
                  | shaped body. [Xom's mischief]
   507 | D:1      | Gained mutation: You have sharp toenails. [Xom's mischief]
   507 | D:1      | Gained mutation: You are frail. (-10% HP) [Xom's mischief]
   520 | D:1      | XOM: give mutations
   520 | D:1      | Gained mutation: You are weak. (Str -2) [Xom's mischief]
   520 | D:1      | Gained mutation: You occasionally shout uncontrollably at
                  | your foes. [Xom's mischief]
   520 | D:1      | Lost mutation: Armour fits poorly on your strangely shaped
                  | body. [Xom's mischief]
   524 | D:1      | Reached XP level 3. HP: 24/26 MP: 3/3
   979 | D:2      | Reached skill level 4 in Polearms
  1505 | D:2      | XOM: summons 2 hostile demons
  1506 | D:2      | Noticed a chaos spawn
  1515 | D:2      | HP: 1/26 [shadow imp/nerve-wracking pain[Xom] (5)]
  1714 | D:2      | XOM: 3-stop teleportation journey
  1853 | D:3      | Gained mutation: You sometimes emit foul miasma when
                  | damaged in melee. [demonic ancestry]
  1853 | D:3      | Reached XP level 4. HP: 30/31 MP: 4/4
  1948 | D:3      | Noticed Robin
  1954 | D:3      | Killed Robin
  1962 | D:3      | Found a burning altar of Makhleb.
  2061 | D:3      | Found an opulent altar of Gozag.
  2064 | D:3      | Found a shimmering blue altar of Sif Muna.
  2084 | D:3      | Noticed Ijyb
  2090 | D:3      | XOM: 1-stop teleportation journey
  2371 | D:3      | Reached skill level 5 in Polearms
  2443 | D:3      | Killed Ijyb
  2444 | D:3      | Gained mutation: A weak demonic guardian rushes to your
                  | aid. [demonic ancestry]
  2444 | D:3      | Reached XP level 5. HP: 21/36 MP: 5/5
  2510 | D:3      | XOM: give mutations
  2510 | D:3      | Gained mutation: You have an increased reservoir of magic.
                  | (+10% MP) [Xom's mischief]
  2510 | D:3      | Gained mutation: You are very frail. (-20% HP) [Xom's
                  | mischief]
  2510 | D:3      | Lost mutation: You are very frail. (-20% HP) [Xom's
                  | mischief]
  2853 | D:3      | XOM: silly message
  3112 | D:4      | Noticed a phantom
  3113 | D:4      | XOM: chaos cloud
  3120 | D:4      | Killed a phantom
  3121 | D:4      | Reached skill level 6 in Polearms
  3121 | D:4      | Gained mutation: You are partially covered in rugged brown
                  | scales. (AC +1, +3% HP) [demonic ancestry]
  3121 | D:4      | Reached XP level 6. HP: 36/43 MP: 6/6
  3342 | D:4      | XOM: butterfly on damage
  3471 | D:4      | Found a staircase to the Ecumenical Temple.
  3515 | Temple   | Entered the Ecumenical Temple
  3867 | D:4      | XOM: give mutation
  3867 | D:4      | Gained mutation: You frequently scream uncontrollably at
                  | your foes. [Xom's mischief]
  3869 | D:4      | XOM: enchant monster (bad)
  3870 | D:4      | XOM: cast spell 'Summon Mana Viper'
  3875 | D:4      | Reached skill level 7 in Polearms
  4122 | D:4      | XOM: smoke on damage
  4199 | D:4      | Found a hazy altar of Hepliaklqana.
  4473 | D:5      | Entered Level 5 of the Dungeon
  4496 | D:5      | XOM: potion effect (invisibility)
  4508 | D:5      | Gained mutation: You are mostly covered in rugged brown
                  | scales. (AC +2, +5% HP) [demonic ancestry]
  4508 | D:5      | Reached XP level 7. HP: 41/49 MP: 7/7
  4575 | D:5      | XOM: enchant monster (bad)
  4594 | D:5      | XOM: noise
  4611 | D:5      | Reached skill level 8 in Polearms
  4669 | D:5      | XOM: silly message
  4718 | D:5      | Noticed Menkaure
  4728 | D:5      | Killed Menkaure
  4869 | D:5      | XOM: potion effect (invisibility)
  4878 | D:5      | Reached skill level 9 in Polearms
  4878 | D:5      | Reached XP level 8. HP: 55/55 MP: 8/8
  4988 | D:5      | Noticed Grinder
  4991 | D:5      | XOM: cast spell 'Summon Mana Viper'
  5001 | D:5      | Killed Grinder
  5182 | D:6      | XOM: confuse monster(s)
  5214 | D:5      | XOM: cloud trail
  5629 | D:6      | Reached skill level 10 in Polearms
  5662 | D:6      | XOM: summons 7 friendly demons
  5680 | D:6      | XOM: enchant monster (bad)
  5767 | D:5      | XOM: silly message
  5953 | D:6      | XOM: silly message
  6001 | D:6      | XOM: god gift: +2 kite shield of protection
  6101 | D:6      | XOM: cast spell 'Disjunction'
  6125 | D:6      | Reached skill level 1 in Shields
  6175 | D:6      | XOM: scenery: 1 doors close
  6326 | D:6      | XOM: potion effect (brilliance)
  6341 | D:6      | XOM: confuse monster(s)
  6344 | D:6      | XOM: divination: detect creatures
  6648 | D:6      | XOM: chaos cloud
  6650 | D:6      | Gained mutation: You have a small tail. [demonic ancestry]
  6650 | D:6      | Reached XP level 9. HP: 52/57 MP: 9/9
  6665 | D:6      | XOM: 4-stop teleportation journey
  6671 | D:6      | Reached skill level 11 in Polearms
  7102 | D:7      | XOM: give mutations
  7102 | D:7      | Lost mutation: You have sharp toenails. [Xom's mischief]
  7102 | D:7      | Gained mutation: You occasionally lose the ability to drink
                  | potions when taking damage. [Xom's mischief]
  7102 | D:7      | Gained mutation: Your body sometimes deteriorates upon
                  | taking damage. [Xom's mischief]
  7102 | D:7      | Gained mutation: You are very weak. (Str -4) [Xom's
                  | mischief]
  7324 | D:7      | XOM: confusion
  7626 | D:7      | XOM: cast spell 'Dispersal'
  7810 | D:7      | XOM: noise
  7827 | D:7      | XOM: scenery: summon butterflies
  7838 | D:7      | XOM: 3-stop teleportation journey
  7882 | D:7      | XOM: confusion
  8543 | D:8      | Noticed Prince Ribbit
  8558 | D:8      | Killed Prince Ribbit
  8559 | D:8      | Reached skill level 12 in Polearms
  8559 | D:8      | Reached skill level 1 in Dodging
  8672 | D:8      | XOM: swap monsters
  8676 | D:8      | XOM: silly message
  9002 | D:8      | Noticed a five-headed hydra
  9003 | D:8      | Noticed a spark wasp
  9003 | D:8      | a five-headed hydra changed into a spark wasp
  9003 | D:8      | XOM: polymorph five-headed hydra -> spark wasp
  9197 | D:8      | XOM: god gift: 5 stones
  9258 | D:8      | XOM: polymorph steam dragon -> ice beast
  9268 | D:8      | Reached skill level 1 in Evocations
  9361 | D:8      | Found a blossoming altar of Fedhas.
  9533 | D:8      | XOM: give mutations
  9533 | D:8      | Gained mutation: Your flesh is heat resistant. (rF+) [Xom's
                  | grace]
  9533 | D:8      | Gained mutation: You have sharp toenails. [Xom's grace]
  9533 | D:8      | Gained mutation: Your mind is acute. (Int +4, Str/Dex -1)
                  | [Xom's grace]
  9559 | D:8      | XOM: god gift: 50 gold pieces
  9669 | D:8      | XOM: scenery: 1 doors open, 2 doors close
  9730 | D:9      | Noticed a troll
  9748 | D:9      | Killed a troll
  9791 | D:9      | XOM: enchant monster (good)
  9795 | D:9      | XOM: potion effect (invisibility)
  9810 | D:9      | XOM: summons friendly white imp
  9814 | D:9      | Reached XP level 10. HP: 54/67 MP: 11/11
  9870 | D:9      | Found a flagged portal.
  9911 | Bailey   | Entered a bailey
 10109 | Bailey   | XOM: enchant monster (bad)
 10277 | Bailey   | XOM: god gift: staff of conjuration
 10307 | Bailey   | XOM: enchant monster (good)
 10327 | Bailey   | Noticed an orc knight
 10348 | Bailey   | XOM: summons 2 friendly demons
 10356 | Bailey   | Killed an orc knight
 10357 | Bailey   | Reached skill level 5 in Fighting
 10476 | Bailey   | Noticed an orc knight
 10552 | Bailey   | Identified the +5 quarterstaff of Wrath {spect, Fragile rF+
                  | Int+2 Dex+6}
 10552 | Bailey   | Noticed an orc warlord
 10556 | Bailey   | XOM: summons 10 friendly demons
 10563 | Bailey   | XOM: potion effect (might)
 10570 | Bailey   | Reached skill level 5 in Shields
 10574 | Bailey   | XOM: summons friendly iron imp
 10578 | Bailey   | XOM: divination: magic mapping
 10601 | Bailey   | Killed an orc warlord
 10641 | Bailey   | XOM: silly message
 10723 | Bailey   | Killed an orc knight
 10882 | Bailey   | XOM: scenery: 1 fountains blood, 1 doors close
 11204 | D:9      | XOM: potion effect (invisibility)
 11232 | D:9      | Acquired the +7 demon trident "Taewinit" {flame, rF- rC+
                  | Str+2 Dex+7}
 11512 | D:9      | Reached XP level 11. HP: 73/78 MP: 12/12
 11595 | D:9      | XOM: cloud trail
 11780 | D:9      | XOM: noise
 11885 | D:10     | Entered Level 10 of the Dungeon
 11917 | D:10     | Noticed Fannar
 11921 | D:10     | XOM: confuse monster(s)
 11924 | D:10     | XOM: silly message
 11939 | D:10     | Killed Fannar
 12020 | D:10     | XOM: 4-stop teleportation journey
 12772 | D:10     | XOM: cast spell 'Alistair's Intoxication'
 12774 | D:10     | Noticed Sonja
 12781 | D:10     | Noticed a skeletal warrior
 12800 | D:10     | XOM: silly message
 12812 | D:10     | Killed a skeletal warrior
 12817 | D:10     | HP: 2/79 [poisoned by Sonja (curare-tipped dart)]
 12903 | D:9      | XOM: stat loss: -1 Str (11/13)
 13127 | D:9      | Killed Sonja
 13212 | D:11     | HP: 2/79 [orc priest/divine providence (15)]
 13213 | D:11     | Drowned by a water elemental

Illustrated notes

Levels and vault maps discovered:
D:1:      saegor_arrival_fortress, layout_rooms, minmay_misc_feat_rows,
          st_stairs_3
D:2:      layout_basic, serial_shops, nicolae_shop_trees
D:3:      layout_loops_corners, mainiacjoe_overflow_surrounded_room,
          chequers_temple_overflow_statue_of_worship, uniq_ijyb, uniq_robin
D:4:      layout_basic, nzn_hepliaklqana_mist_gate, minmay_temple_entry_grid
D:5:      layout_rooms, uniq_menkaure, uniq_grinder
D:6:      layout_basic, zin_academy, minmay_misc_feat_room
D:7:      nicolae_cairo_tiling, layout_loops_ring
D:8:      layout_gridville, fedhas_altar_3, kennysheep_doodads,
          kennysheep_just_a_vault, uniq_prince_ribbit1
D:9:      layout_irregular_city, enter_bailey_8
D:10:     layout_roguey, lair_entry_dummy, hangedman_corner_corridor,
          uniq_fannar, uniq_sonja
D:11:     layout_basic, minmay_orc_entry_guard_dogs, minmay_hedge_maze
Temple:   minmay_temple_bridge_d

Skill      XL: |  1  2  3  4  5  6  7  8  9 10 11 |
---------------+----------------------------------+-----
Polearms       | 3 4 5 6 7 9 10 12 | 12.3
Shields        | 1 4 5 |  5.8
Dodging        | 1 3 4 |  4.3
Armour         | 2 4 |  4.5
Evocations     | 1 3 4 |  4.4
Fighting       | 4 6 7 |  7.4

Action                   |  1- 3 |  4- 6 |  7- 9 | 10-12 || total
-------------------------+-------+-------+-------+-------++-------
Melee: Spear             |   127 |   200 |   496 |   299 ||  1122
       Kick              |    11 |    48 |    76 |       ||   135
       Punch             |     2 |     1 |     2 |       ||     5
       Tailslap          |       |       |    34 |    57 ||    91
       Demon trident     |       |       |       |   119 ||   119
Throw: Dart              |       |       |       |    18 ||    18
       Throwing net      |       |       |       |     1 ||     1
Evoke: Piece from Xom's  |       |     2 |     3 |       ||     5
       Wand              |       |       |     2 |     8 ||    10
  Use: Scroll            |     2 |     5 |     3 |     6 ||    16
       Potion            |       |       |     1 |     1 ||     2
 Stab: Invisible         |       |     1 |    13 |    10 ||    24
       Paralysed         |       |       |     1 |       ||     1
       Confused          |       |       |     3 |       ||     3
       Distracted        |       |       |     1 |     1 ||     2
       Petrified         |       |       |       |     3 ||     3
Armor: Leather armour    |    34 |    50 |   112 |    62 ||   258
Dodge: Dodged            |    49 |    74 |   113 |    89 ||   325
Block: Kite shield       |       |       |    78 |   151 ||   229
       Buckler           |       |       |    12 |       ||    12

Table legend: (Time is in decaauts)
 A = Elapsed time spent in this place.
 B = Non-inter-level travel time spent in this place.
 C = Inter-level travel time spent in this place.
 D = Time resting spent in this place.
 E = Time spent auto-exploring this place.
 F = Levels seen in this place.
 G = Mean time per level.
                   A        B        C        D        E       F      G
               +--------+--------+--------+--------+--------+-----+--------+
         Total |  12882 |  12313 |    569 |   2652 |   7412 |  13 |  990.9 |
       Dungeon |  11440 |  10921 |    519 |   2099 |   6941 |  11 | 1040.0 |
        Temple |    274 |    224 |     50 |    149 |     64 |   1 |  274.0 |
        Bailey |   1166 |   1166 |      0 |    404 |    407 |   1 | 1166.0 |
               +--------+--------+--------+--------+--------+-----+--------+

Top non-repeatable levels by time:
     D:8: 1461 daAuts
     D:7: 1419 daAuts
     D:6: 1412 daAuts
     D:4: 1192 daAuts
  Bailey: 1166 daAuts
     D:3: 1137 daAuts
     D:5: 1019 daAuts
    D:10: 1002 daAuts
     D:9: 969 daAuts
     D:2: 932 daAuts
     D:1: 876 daAuts
  Temple: 274 daAuts
    D:11: 18 daAuts
